 Dungeon Crawl Stone Soup version 0.17-a0-1691-g18a3847 (webtiles) character file.

6258 urechis the Severer (level 10, -32/96 HPs)
             Began as a Hill Orc Fighter on Aug 20, 2015.
             Was a Believer of Makhleb.
             Annihilated by Zebura's ghost (35 damage)
             ... on level 10 of the Dungeon.
             The game lasted 00:18:49 (8917 turns).

urechis the Severer (Hill Orc Fighter)              Turns: 8917, Time: 00:18:49

Health: -32/96     AC:  9    Str: 20    XL:     10   Next: 93%
Magic:  10/10      EV: 10    Int:  8    God:    Makhleb [**....]
Gold:   509        SH:  5    Dex: 13    Spells: 0 memorised, 9 levels left

rFire  . . .     SeeInvis .     a - +0 war axe
rCold  . . .     Clarity  .     b - +0 scale mail
rNeg   . . .     SustAt   .     s - +0 buckler {rPois}
rPois  +         Gourm    .     (no helmet)
rElec  .         Spirit   .     w - +0 cloak
rCorr  .         Warding  .     o - +0 pair of gloves
rMut   .         Stasis   .     (no boots)
MR     .....                    g - amulet of rage
Stlth  ..........               (no ring)
                                u - +1 ring of evasion

@: lethally poisoned (-32 -> -35), not resistant to hostile enchantments,
extremely unstealthy
A: no striking features
a: Minor Destruction, Renounce Religion, Evoke Berserk Rage


You were on level 10 of the Dungeon.
You worshipped Makhleb.
Makhleb was pleased with you.
You were hungry.

You visited 2 branches of the dungeon, and saw 11 of its levels.

You collected 509 gold pieces.

Inventory:

Hand weapons
 a - a +0 war axe (weapon)
Armour
 b - a +0 scale mail (worn)
 o - a +0 pair of gloves (worn)
 s - a +0 buckler of poison resistance (worn)
 w - a +0 cloak (worn)
Jewellery
 g - an amulet of rage (around neck)
 u - a +1 ring of evasion (left hand)
Scrolls
 d - a scroll of holy word {unknown}
 j - 3 scrolls of amnesia {unknown}
 k - 2 scrolls of blinking {unknown}
 n - 7 scrolls of remove curse {unknown}
 p - 4 scrolls of magic mapping {unknown}
 q - a scroll of random uselessness {unknown}
 r - 2 scrolls of noise {unknown}
 v - a scroll of fear {unknown}
 x - a scroll of teleportation {unknown}
 y - 3 scrolls of enchant weapon {unknown}
 D - a scroll of immolation {unknown}
 E - a scroll of enchant armour {unknown}
Potions
 f - a potion of cancellation {unknown}
 h - a potion of invisibility
 i - a potion of flight {unknown}
 l - 2 potions of magic {unknown}
 m - 3 potions of poison
 t - a potion of berserk rage {unknown}
 z - a potion of degeneration {unknown}
 A - a potion of curing
Comestibles
 c - 2 royal jellies
 e - 6 bread rations
 B - 5 meat rations
 H - a beef jerky


   Skills:
 + Level 11.5 Fighting
 - Level 16.0 Axes
 - Level 3.2 Armour
 - Level 4.2 Shields


You had 9 spell levels left.
You didn't know any spells.

Dungeon Overview and Level Annotations

Branches:
Dungeon (10/15)            Temple (1/1) D:7            Lair (0/8) D:9
    Orc: D:9-12

Altars:
Cheibriados
Dithmenos
Elyvilon
Makhleb
Nemelex Xobeh
Okawaru
Qazlal
Ru
Sif Muna
Xom
Zin

Shops:
D:4 *

Annotations:
D:10 Zebura's ghost, powerful TrMo


Message History

The worker ant bites you.
* * * LOW HITPOINT WARNING * * *
You hit Zebura's ghost but do no damage.
Zebura's ghost is heavily damaged.
You barely miss the worker ant. The worker ant closely misses you.
Zebura's ghost hits you.
* * * LOW HITPOINT WARNING * * *
You slash Zebura's ghost!
Zebura's ghost is heavily damaged.
You hit the worker ant.
The worker ant is moderately wounded.
You slice Zebura's ghost!!
Zebura's ghost is severely damaged.
You hit the worker ant but do no damage.
The worker ant is moderately wounded.
The worker ant bites you.
* * * LOW HITPOINT WARNING * * *
You are lethally poisoned!
The worker ant poisons you! Zebura's ghost hits you!!
You die...

## # .#
.. .# ...
.##....
##F......
#Wac.....
#@#
#.....#
....#####
##


You could see a giant frog, a centaur, a worker ant and Zebura's ghost.

Vanquished Creatures
  Pikel (D:5)
  The ghost of Zebulonius the Conjurer, an experienced DECj (D:4)
  Grinder (D:5)
  Sigmund (D:6)
  A deep elf fighter (D:9)
  Eustachio (D:5)
  2 yaks (D:9)
  Grum (D:8)
  Edmund (D:6)
  Duvessa (D:5)
  4 wolves (D:8)
  2 sky beasts
  4 orc warriors
  A slave (D:5)
  4 ogres
  2 phantoms
  4 centaurs
  A wasp (D:9)
  A crocodile (D:9)
  Blork the orc (D:5)
  2 gnoll sergeants (D:5)
  A giant frog (D:8)
  Dowan (D:5)
  2 scorpions
  10 killer bees
  A wight (D:5)
  3 giant frog zombies
  2 hounds
  4 crimson imps
  2 centaur skeletons
  3 jellies
  3 orc priests
  5 worker ants
  3 iguanas
  9 orc wizards
  Natasha (twice) (D:2)
  A hound zombie (D:5)
  2 hound skeletons
  4 gnolls (D:2)
  12 adders
  6 river rats
  2 shadow imps
  2 oozes (D:3)
  An adder zombie (D:6)
  4 worms
  2 giant geckos
  34 orcs
  A goblin (D:3)
  9 hobgoblins
  5 kobolds
  4 quokkas
  2 ball pythons
  9 bats
  7 giant cockroaches
  7 giant newts
  3 jackals (D:7)
  A quokka skeleton (D:5)
  19 rats
225 creatures vanquished.

Vanquished Creatures (others)
  A slave (D:5)
1 creature vanquished.

Grand Total: 226 creatures vanquished

Notes
Turn   | Place    | Note
--------------------------------------------------------------
     0 | D:1      | urechis the Hill Orc Fighter began the quest for the Orb.
     0 | D:1      | Reached XP level 1. HP: 19/19 MP: 1/1
    71 | D:1      | Reached XP level 2. HP: 23/26 MP: 2/2
   209 | D:1      | Reached skill level 4 in Axes
   541 | D:2      | Reached XP level 3. HP: 28/31 MP: 3/3
   851 | D:2      | Noticed Natasha
   869 | D:2      | Killed Natasha
   869 | D:2      | Reached skill level 5 in Axes
  1117 | D:2      | Reached XP level 4. HP: 30/39 MP: 4/4
  1537 | D:2      | Noticed Natasha
  1543 | D:2      | Killed Natasha
  1543 | D:2      | Reached skill level 6 in Axes
  1598 | D:2      | Reached XP level 5. HP: 12/45 MP: 5/5
  1890 | D:3      | Reached skill level 7 in Axes
  2377 | D:3      | Reached XP level 6. HP: 45/51 MP: 6/6
  2406 | D:3      | Found a stormy altar of Qazlal.
  2408 | D:3      | Found a snail-covered altar of Cheibriados.
  2410 | D:3      | Found a shimmering altar of Xom.
  2410 | D:3      | Found a shadowy altar of Dithmenos.
  2410 | D:3      | Found a white marble altar of Elyvilon.
  2411 | D:3      | Found a sparkling altar of Nemelex Xobeh.
  2655 | D:4      | Found Ariofus's General Store.
  2668 | D:4      | Reached skill level 8 in Axes
  2789 | D:4      | Reached skill level 9 in Axes
  2789 | D:4      | Reached XP level 7. HP: 21/57 MP: 7/7
  3190 | D:4      | Noticed Zebulonius's ghost (experienced DECj)
  3207 | D:4      | Killed Zebulonius's ghost
  3207 | D:4      | Reached skill level 10 in Axes
  3585 | D:4      | Reached skill level 11 in Axes
  3621 | D:4      | Reached XP level 8. HP: 55/64 MP: 8/8
  3885 | D:5      | Entered Level 5 of the Dungeon
  3979 | D:5      | Noticed Duvessa
  3982 | D:5      | Noticed Dowan
  3988 | D:5      | Killed Duvessa
  4013 | D:5      | Killed Dowan
  4142 | D:5      | Noticed Blork the orc
  4142 | D:5      | Noticed Grinder
  4144 | D:5      | Noticed Eustachio
  4151 | D:5      | Reached skill level 12 in Axes
  4163 | D:5      | Killed Blork the orc
  4182 | D:5      | Reached skill level 13 in Axes
  4203 | D:5      | Killed Eustachio
  4210 | D:5      | Killed Grinder
  4210 | D:5      | Reached skill level 14 in Axes
  4210 | D:5      | Reached XP level 9. HP: 22/70 MP: 9/9
  4383 | D:5      | Noticed Pikel
  4399 | D:5      | Killed Pikel
  4960 | D:6      | Noticed Edmund
  4972 | D:6      | Killed Edmund
  4972 | D:6      | Reached skill level 15 in Axes
  5245 | D:6      | Noticed Sigmund
  5255 | D:6      | Killed Sigmund
  5478 | D:7      | Reached skill level 16 in Axes
  5684 | D:7      | Reached skill level 5 in Fighting
  5713 | D:7      | Reached XP level 10. HP: 15/82 MP: 10/10
  6221 | D:7      | Noticed an angel
  6222 | D:7      | Found a glowing silver altar of Zin.
  6317 | D:8      | Noticed Grum
  6342 | D:8      | HP: 3/88 [Grum/glaive (21)]
  6768 | D:7      | Found a staircase to the Ecumenical Temple.
  6805 | D:7      | HP: 1/88 [ogre/giant club (23)]
  7160 | Temple   | Entered the Ecumenical Temple
  7166 | Temple   | Became a worshipper of Makhleb the Destroyer
  7892 | D:8      | Killed Grum
  8059 | D:9      | Acquired Makhleb's first power
  8059 | D:9      | Reached skill level 10 in Fighting
  8287 | D:9      | Acquired Makhleb's second power
  8366 | D:9      | Found a staircase to the Lair.
  8638 | D:10     | Entered Level 10 of the Dungeon
  8903 | D:10     | Noticed Zebura's ghost (powerful TrMo)
  8917 | D:10     | HP: 3/96 [worker ant (3)]
  8917 | D:10     | Annihilated by Zebura's ghost

Vault maps used:
D:1:      dpeg_arrival_rhombi
D:2:      first_bread, kennysheep_flooded_box, uniq_natasha
D:3:      forest_paths, grunt_temple_overflow_open, kennysheep_decorative_pillar
D:4:      serial_shops, nicolae_shop_behind_doors, portal_sewer_entry_e
D:5:      minmay_misc_feat_four_crosses, sword_in_stone, uniq_pikel,
          uniq_duvessa, uniq_grinder, uniq_eustachio
D:6:      minmay_misc_feat_rugged, uniq_sigmund, uniq_edmund
D:7:      zin_angel, minmay_temple_entry_from_below_b
D:8:      uniq_grum
D:9:      grunt_lair_entry_elf_guard_hut
Temple:   triangle_lava_temple_12

Action                   |  1- 3 |  4- 6 |  7- 9 | 10-12 || total
-------------------------+-------+-------+-------+-------++-------
Melee: War axe           |    78 |   142 |   316 |   275 ||   811
       Unarmed           |     7 |     5 |       |       ||    12
  Use: Potion            |       |       |     6 |     6 ||    12
  Eat: Chunk             |       |     5 |     8 |     9 ||    22
       Royal jelly       |       |       |     1 |       ||     1
       Pizza             |       |       |       |     1 ||     1
